 Dungeon Crawl Stone Soup version 0.31.0-11-ge490571c62 (webtiles) character file.

Game seed: 13642154867456866338

426 qw the Ducker (level 6, 0/30 HPs)
             Began as a Spriggan Hunter on Feb 4, 2024.
             Slain by an iguana (11 damage)
             ... on level 5 of the Dungeon.
             The game lasted 00:00:12 (3140 turns).

qw the Ducker (Spriggan Hunter)                     Turns: 3140, Time: 00:00:13

Health: 0/30       AC:  2    Str:  7    XL:     6   Next: 64%
Magic:  7/7        EV: 22    Int: 10    God:
Gold:   189        SH:  0    Dex: 21    Spells: 5/5 levels left

rFire   . . .        a - +0 shortbow
rCold   . . .        (shield currently unavailable)
rNeg    + . .        c - +0 robe
rPois   .            (helmet restricted)
rElec   .            (no cloak)
rCorr   .            (gloves unavailable)
SInv    +            (boots unavailable)
Will    +....        (no amulet)
Stlth   ++           e - ring of positive energy
HPRegen 0.25/turn    (no ring)
MPRegen 0.10/turn

%: no passive effects
@: very quick
A: very small, no large weapons, unfitting armour, see invisible, speed 3
a: no special abilities


You were on level 5 of the Dungeon.
You visited 1 branch of the dungeon, and saw 5 of its levels.

You collected 189 gold pieces.


Innate Abilities, Weirdness & Mutations

You are very small and have problems with some larger weapons.
You are too small for most types of armour.
You have supernaturally acute eyesight. (SInv)
You cover ground extremely quickly. (Speed+++)


   Skills:
 - Level 2.0 Fighting
 + Level 6.1 Ranged Weapons
 - Level 7.0 Dodging
 - Level 1.5 Stealth


You had 5 spell levels left.
You didn't know any spells.
Your spell library was empty.

Inventory:

Hand Weapons
 a - a +0 shortbow (weapon)
Armour
 c - a +0 robe (worn)
Jewellery
 d - a ring of ice
 e - a ring of positive energy (left hand)
Scrolls
 m - a scroll of teleportation
Potions
 g - a potion of mutation
 h - a potion of might {unknown}
 i - 3 potions of curing
 j - a potion of haste {unknown}
 k - a potion of cancellation {unknown}
 l - a potion of attraction {unknown}

Dungeon Overview and Level Annotations

Branches:
Dungeon (5/15)
 Temple: D:4-7

Altars:

Annotations:
D:4 2 transporters, qw's ghost, amateur DEHu


Message History

Sigmund the Dreaded comes into view.
He is wielding a +0 scythe.
You shoot an arrow. The arrow hits Sigmund!
Sigmund shouts!
Sigmund is moderately wounded.
You shoot an arrow. The arrow hits Sigmund.
Sigmund is heavily wounded.
Sigmund gestures wildly while chanting.
Sigmund flickers and vanishes for a moment.
You shoot an arrow. The arrow hits Sigmund.
Sigmund is heavily wounded.
You shoot an arrow. The arrow hits Sigmund.
Sigmund is severely wounded.
You hear an angry hiss.
You shoot an arrow. The arrow hits Sigmund.
Sigmund is severely wounded.
An iguana comes into view.
Sigmund casts a spell at you. The magic dart hits you!
3133 ||| RETREEEEATING.
You shoot an arrow. The arrow closely misses Sigmund.
Sigmund hits you with a +0 scythe!
You shoot an arrow. The arrow closely misses Sigmund.
The arrow hits the iguana but does no damage.
Sigmund barely misses you.
You shoot an arrow. The arrow hits Sigmund.
Sigmund is almost dead.
You shoot an arrow. The arrow hits Sigmund!
You kill Sigmund!
The iguana barely misses you.
Your Dodging skill gained 2 levels and is now at level 7!
You have reached level 6!
You shoot an arrow. The arrow hits the iguana!
The iguana is heavily wounded.
The iguana misses you.
You shoot an arrow. The arrow hits the iguana.
The iguana is severely wounded.
The iguana barely misses you.
You shoot an arrow. The arrow barely misses the iguana.
The iguana bites you!
You die...

#########+######
...............#
...............#
...............#
...............##
................####
................@l.#
...............###..#
...............# ...#
...............# ..#
################ .# #
+ # #


You could see an iguana.

Vanquished Creatures
  Sigmund (D:5)
  2 sleepcaps (D:4)
  Natasha (D:3)
  Robin (D:2)
  5 adders
  3 gnolls (D:3)
  A ribbon worm (D:2)
  3 dart slugs
  8 orcs
  4 endoplasms
  2 giant cockroaches
  13 goblins
  10 hobgoblins
  4 kobolds
  3 quokkas
  6 ball pythons
  7 bats
  5 frilled lizards
  5 rats
84 creatures vanquished.

Notes
Turn   | Place    | Note
-------+----------+-------------------------------------------
     0 | D:1      | qw the Spriggan Hunter began the quest for the Orb.
     0 | D:1      | Reached XP level 1. HP: 10/10 MP: 2/2
     0 | D:1      | 0 ||| qw: Version: 0.3-a-160-g6735b56
     0 | D:1      | 0 ||| qw: Game counter: 5322
     0 | D:1      | 0 ||| qw: Melee chars always use a shield: true
     0 | D:1      | 0 ||| qw: God list: Okawaru
     0 | D:1      | 0 ||| qw: Allow faded altars: false
     0 | D:1      | 0 ||| qw: Do Orc after clearing Dungeon:15 true
     0 | D:1      | 0 ||| qw: Do second Lair branch before Depths: true
     0 | D:1      | 0 ||| qw: Lair rune preference: random
     0 | D:1      | 0 ||| qw: Goals: Normal
     0 | D:1      | 0 ||| PLANNING D:1-11
   102 | D:1      | Reached skill level 3 in Dodging
   330 | D:1      | Reached XP level 2. HP: 14/14 MP: 3/3
   661 | D:1      | Reached skill level 4 in Dodging
   756 | D:1      | 756 ||| UPGRADING to ring of positive energy.
   757 | D:1      | 757 ||| READING scroll labelled CAONEU WIDEG.
   758 | D:1      | 758 ||| READING scroll labelled EFUMMU ZENULESS.
   759 | D:1      | 759 ||| DROPPING scroll of butterflies.
  1067 | D:2      | Reached XP level 3. HP: 18/18 MP: 4/4
  1455 | D:2      | Noticed Robin
  1463 | D:2      | Killed Robin
  1464 | D:2      | Reached XP level 4. HP: 14/22 MP: 5/5
  1536 | D:2      | 1536 ||| READING 3 scrolls labelled QOHAGI YGGEPS.
  1537 | D:2      | 1537 ||| READING scroll labelled UCIPLACURO.
  1541 | D:2      | 1541 ||| READING scroll labelled GUWYR BUATT.
  1541 | D:2      | 1541 ||| IDENTIFYING grey potion
  1542 | D:2      | 1542 ||| DROPPING 2 scrolls of noise.
  1632 | D:3      | Reached skill level 5 in Dodging
  1729 | D:3      | 1729 ||| FLEEEEING.
  1730 | D:3      | 1730 ||| FLEEEEING.
  1732 | D:3      | 1732 ||| FLEEEEING.
  1879 | D:3      | Reached XP level 5. HP: 26/26 MP: 6/6
  2300 | D:3      | Noticed Natasha
  2304 | D:3      | Killed Natasha
  2337 | D:3      | 2337 ||| READING scroll of identify.
  2337 | D:3      | 2337 ||| IDENTIFYING bubbling emerald potion
  2338 | D:3      | 2338 ||| DRINKING 2 bubbling orange potions.
  2389 | D:3      | 2389 ||| DRINKING 3 coppery potions.
  2390 | D:3      | 2390 ||| DROPPING potion of degeneration.
  2391 | D:3      | 2391 ||| DROPPING potion of lignification.
  2568 | D:4      | Found a transporter.
  2568 | D:4      | Noticed qw's ghost (amateur DEHu)
  2613 | D:4      | Found a transporter.
  2836 | D:4      | Reached skill level 6 in Ranged Weapons
  3087 | D:4      | 3087 ||| READING scroll of identify.
  3087 | D:4      | 3087 ||| IDENTIFYING fizzy black potion
  3088 | D:4      | 3088 ||| DROPPING potion of brilliance.
  3094 | D:5      | Entered Level 5 of the Dungeon
  3127 | D:5      | Noticed Sigmund
  3133 | D:5      | 3133 ||| RETREEEEATING.
  3137 | D:5      | Killed Sigmund
  3138 | D:5      | Reached skill level 7 in Dodging
  3138 | D:5      | Reached XP level 6. HP: 10/30 MP: 7/7
  3140 | D:5      | Slain by an iguana

Levels and vault maps discovered:
D:1:      giann_horns, layout_basic
D:2:      minmay_recursive_quarters, layout_basic, uniq_robin
D:3:      layout_basic, minmay_misc_feat_secret_circle, minivault_14,
          uniq_natasha
D:4:      layout_gridville, gammafunk_ghost_stat_death
D:5:      due_chaos_kobolds, layout_basic, nicolae_shop_unique_rings,
          uniq_sigmund

Skill      XL: |  1  2  3  4  5 |
---------------+----------------+-----
Dodging        | 3 4 5 7 |  7.0
Ranged Weapons | 5 6 |  6.1
Fighting       | 2 |  2.0
Stealth        | |  1.5

Action                     |  1- 3 |  4- 6 || total
---------------------------+-------+-------++-------
   Fire: Shortbow          |   113 |   167 ||   280
    Use: Scroll            |     2 |     5 ||     7
         Potion            |       |     2 ||     2
 Armour: Robe              |    10 |    20 ||    30
  Dodge: Dodged            |    37 |    52 ||    89

Table legend:
 A = Non-vault XP
 B = Vault XP
 C = Vault XP percentage of total XP
 D = Non-vault monster count
 E = Vault monster count
 F = Vault count percentage of total count
                 A         B        C        D         E       F
            +---------+---------+-------+---------+---------+-------
      Total |     263 |     346 |  56.8 |      64 |      20 |  23.8
            +---------+---------+-------+---------+---------+-------
        D:1 |      18 |       0 |   0.0 |      11 |       0 |   0.0
        D:2 |      28 |      72 |  72.0 |      17 |      18 |  51.4
        D:3 |     100 |      35 |  25.9 |      23 |       1 |   4.2
        D:4 |     104 |       0 |   0.0 |      12 |       0 |   0.0
        D:5 |      13 |     239 |  94.8 |       1 |       1 |  50.0
            +---------+---------+-------+---------+---------+-------
